AoeStats
← wuyu

Arena

510368562Analyzed
4v4 RM · 1d ago on Sep 30, 2026· 41m 36s· 8 players
Game mode
Random Map
Map size
Large (8 player)
Population
200
Speed
Normal
Resources
Standard
Victory
Conquest
Starting age
Dark Age
Ending age
Imperial Age
RankedLock teamsTeams togetherTeam positionsShared explorationLock speedFull tech treeHidden civsTurbo modeCheats
Victory
Defeat
🇨🇭 Turks · Switzerland
1266
+13
🇨🇳 Khmer · China
1232
+14
🇨🇳 Spanish · China
1215
+15
🇮🇹 Mongols · Italy
1168
+17
🇲🇽 Persians · Mexico
1269
-18
🇫🇷 Celts · France
1181
-14
🇩🇪 Spanish · Germany
1176
-14
🇫🇷 Poles · France
1145
-13
wuyu
12:28 Feudal Age
17:48 Castle Age
17:38 Double-Bit Axe
17:36 Horse Collar
28:27 Bloodlines
28:18 Husbandry
29:33 Padded Archer Armor
30:53 Wheelbarrow
35:17 Imperial Age
35:31 Caravan
35:47 Bow Saw
37:26 Conscription
41:02 Chemistry
40:24 Gold Mining
40:27 Stone Mining
ok mate wanker
11:25 Feudal Age
11:51 Feudal Age
16:22 Castle Age
15:00 Double-Bit Axe
14:56 Horse Collar
15:12 Gold Mining
20:51 Imperial Age
20:08 Gold Shaft Mining
19:51 Bow Saw
20:25 Padded Archer Armor
26:48 Leather Archer Armor
30:15 Wheelbarrow
30:51 Two-Man Saw
38:00 Hand Cart
39:28 Loom
40:08 Heavy Plow
40:07 Stone Mining
RossC786526
9:34 Feudal Age
7:49 Loom
14:05 Castle Age
12:08 Double-Bit Axe
13:18 Stone Mining
13:15 Horse Collar
16:42 Bow Saw
20:01 Fletching
22:34 Bodkin Arrow
23:52 Wheelbarrow
25:38 Padded Archer Armor
26:48 Gold Mining
26:58 Heavy Plow
27:29 Bloodlines
27:56 Husbandry
33:34 Leather Archer Armor
33:36 Thumb Ring
37:07 Ballistics
猫派大师兄
9:36 Feudal Age
13:15 Castle Age
11:44 Double-Bit Axe
12:15 Horse Collar
21:05 Bow Saw
21:55 Heavy Plow
23:37 Wheelbarrow
25:11 Hand Cart
25:08 Gold Mining
25:08 Stone Mining
27:00 Scale Barding Armor
29:40 Imperial Age
28:17 Chain Barding Armor
27:50 Loom
28:43 Gold Shaft Mining
28:43 Stone Shaft Mining
29:14 Forging
29:53 Coinage
30:37 Double Crossbow
31:03 Conscription
30:04 Elite Ballista Elephant
31:12 Husbandry
31:22 Bloodlines
31:51 Banking
31:30 Tusk Swords
31:29 Elite Battle Elephant
34:30 Plate Barding Armor
34:30 Iron Casting
36:23 Chemistry
35:45 Ballistics
37:25 Blast Furnace
twitch.tv/skof03
10:31 Feudal Age
11:43 Loom
14:15 Castle Age
13:24 Double-Bit Axe
15:43 Horse Collar
19:07 Wheelbarrow
19:41 Bow Saw
23:11 Hand Cart
24:15 Heavy Plow
28:21 Imperial Age
26:35 Scale Barding Armor
26:41 Forging
27:54 Chain Barding Armor
28:20 Bloodlines
28:38 Husbandry
28:02 Cavalier
30:53 Plate Barding Armor
38:23 Savar
40:23 Iron Casting
42:48 Blast Furnace
joseph.fragonard
10:58 Feudal Age
12:12 Horse Collar
15:54 Castle Age
14:07 Double-Bit Axe
14:58 Stone Mining
14:57 Loom
16:57 Bow Saw
19:42 Wheelbarrow
22:51 Heavy Plow
24:25 Town Watch
24:56 Hand Cart
24:49 Fletching
27:13 Bodkin Arrow
29:50 Szlachta Privileges
29:44 Gold Mining
34:11 Imperial Age
33:15 Scale Barding Armor
33:21 Forging
34:11 Husbandry
34:21 Bloodlines
35:23 Stone Shaft Mining
35:18 Conscription
35:22 Chain Barding Armor
35:38 Iron Casting
34:26 Cavalier
36:02 Crop Rotation
39:16 Blast Furnace
antoine123k
7:35 Loom
11:22 Feudal Age
12:31 Horse Collar
15:31 Castle Age
13:23 Horse Collar
13:43 Double-Bit Axe
14:41 Gold Mining
17:38 Wheelbarrow
18:20 Bow Saw
20:48 Fervor
25:15 Scale Mail Armor
26:22 Hand Cart
27:24 Pikeman
27:57 Fletching
28:18 Forging
28:25 Chain Mail Armor
30:46 Imperial Age
28:28 Forging
28:08 Fletching
29:17 Gold Shaft Mining
28:46 Heavy Plow
29:31 Fortified Wall
29:43 Ballistics
29:29 Arson
29:56 Masonry
30:05 Town Watch
32:47 Chemistry
31:53 Siege Engineers
32:06 Chain Mail Armor
32:27 Iron Casting
32:11 Capped Ram
33:54 Plate Mail Armor
32:52 Halberdier
33:03 Siege Ram
34:46 Conscription
36:48 Heavy Scorpion
37:56 Onager
38:03 Onager
39:07 Siege Onager
39:26 Siege Onager
40:15 Stronghold
Waldmann
3:44 Loom
9:16 Feudal Age
16:34 Castle Age
16:06 Horse Collar
16:12 Double-Bit Axe
18:31 Fletching
22:25 Scale Barding Armor
22:33 Forging
23:55 Husbandry
Connection lost

Rejoining the realm…

Still unreachable

The connection could not be restored.

Session expired

The server has moved on; the page needs a fresh start.